 Dungeon Crawl Stone Soup version 0.28.0-43-g3370ac3207 (webtiles) character file.

Game seed: 13975265214440259835

22241 boopmooplesden the Tortoise (level 12, -2/112 HPs)
             Began as a Minotaur Berserker on Mar 14, 2022.
             Was a High Priest of Trog.
             Slain by a meliai
             ... wielding a +2 vorpal hand axe
              (8 damage)
             ... on level 12 of the Dungeon.
             The game lasted 00:19:40 (14105 turns).

boopmooplesden the Tortoise (Minotaur Berserker)   Turns: 14105, Time: 00:19:41

Health: -2/112     AC: 24    Str: 26    XL:     12   Next: 61%
Magic:  11/11      EV: 10    Int:  4    God:    Trog [*****.]
Gold:   765        SH:  5    Dex: 15    Spells: 11/11 levels left

rFire   . . .      SeeInvis +   z - +0 scimitar (flame)
rCold   . . .      Faith    .   (no shield)
rNeg    . . .      Spirit   .   B - +1 plate armour
rPois   +          Reflect  +   (helmet restricted)
rElec   .          Harm     .   x - +2 cloak
rCorr   +          Rampage  .   M - +0 pair of gloves "Roewoschu" {rPois Str+4}
Will    .....                   I - +0 pair of boots
Stlth   ..........              L - amulet of reflection
HPRegen 0.28/turn               d - ring of resist corrosion
MPRegen 0.12/turn               C - ring of see invisible

@: lethally poisoned (-2 -> -9), on berserk cooldown, slowed, very slow
A: horns 2, retaliatory headbutt, MP-powered wands
a: Renounce Religion, Berserk, Trog's Hand, Brothers in Arms


You were on level 12 of the Dungeon.
You worshipped Trog.
Trog was extremely pleased with you.
You visited 1 branch of the dungeon, and saw 12 of its levels.
You also visited: Sewer and Ossuary.

You collected 868 gold pieces.
You spent 103 gold pieces at shops.

Inventory:

Hand Weapons
 a - a +1 hand axe of venom
 o - the +12 scimitar of Classification {vorpal, Int+2}
   (You took it off an orc on level 3 of the Dungeon)

   It inflicts extra damage upon your enemies.
   Int:       It affects your intelligence (+2).
 w - the +8 dagger "Taus" {drain, Dex+4}
   (You found it on level 4 of the Dungeon)

   A truly terrible weapon, it drains the life of any living foe it strikes.
   Dex:       It affects your dexterity (+4).
 z - a +0 scimitar of flaming (weapon)
Missiles
 f - 11 boomerangs (quivered)
 D - 10 javelins
Armour
 t - a +2 pair of gloves
 x - a +2 cloak (worn)
 B - a +1 plate armour (worn)
 I - a +0 pair of boots (worn)
 M - the +0 pair of gloves "Roewoschu" (worn) {rPois Str+4}
   (You found it on level 12 of the Dungeon)

   Str:       It affects your strength (+4).
   rPois:     It protects you from poison.
Jewellery
 d - a ring of resist corrosion (left hand)
 e - an amulet of magic regeneration
 A - a ring of willpower
 C - a ring of see invisible (right hand)
 H - a ring of see invisible
 L - an amulet of reflection (around neck)
 O - the amulet "Yxatsum" {Faith MP+9 Str+4 Int+3}
   (You found it on level 12 of the Dungeon)

   [amulet of faith]

   It allows you to gain divine favour quickly.
   Str:       It affects your strength (+4).
   Int:       It affects your intelligence (+3).
   MP:        It affects your magic capacity (+9).
 P - an amulet of guardian spirit
 Q - a ring of poison resistance
Wands
 b - a wand of digging (10)
 k - a wand of flame (26)
 n - a wand of iceblast (18)
 r - a wand of acid (6)
 v - a wand of charming (4)
 G - a wand of mindburst (7)
Scrolls
 h - 5 scrolls of identify
 p - a scroll of fog
 u - 10 scrolls of teleportation
 y - 2 scrolls of blinking
 J - a scroll of brand weapon
 N - a scroll of holy word {unknown}
 R - a scroll of enchant armour
Potions
 c - 5 potions of haste
 g - 6 potions of flight
 i - 3 potions of attraction
 j - 3 potions of magic
 l - 9 potions of curing
 m - 4 potions of brilliance
 q - a potion of cancellation
 s - 2 potions of might
 F - 2 potions of lignification {unknown}
 K - a potion of berserk rage
Miscellaneous
 E - a tin of tremorstones (2/2)


   Skills:
 + Level 11.8 Fighting
 + Level 15.0 Long Blades
 + Level 6.6 Axes
 + Level 1.3 Throwing
 + Level 15.1 Armour
 + Level 4.2 Dodging
 + Level 1.6 Stealth
 + Level 1.6 Shields


You had 11 spell levels left.
You didn't know any spells.
Your spell library was empty.

Dungeon Overview and Level Annotations

Branches:
Dungeon (12/15)            Temple (0/1) D:7            Lair (0/6) D:11
    Orc (0/2) D:9           Sewer (visited)         Ossuary (visited)

Altars:
Qazlal
Wu Jian

Shops:
D:2 [   D:3 =   D:7 *   D:10 [


Innate Abilities, Weirdness & Mutations

You have a pair of horns on your head.
You reflexively headbutt those who attack you in melee.
You expend magic power (3 MP) to strengthen your wands.


Message History

The meliai hits you but does no damage. The meliai stings you.
You are poisoned.
The meliai poisons you! The meliai hits you but does no damage.
The meliai barely misses you.
You closely miss the meliai. Your headbutt misses the meliai.
You feel very sick. The meliai barely misses you. The meliai misses you.
The meliai hits you but does no damage. The meliai completely misses you.
A killer bee comes into view.
You hear an angry buzzing noise.
The meliai barely misses you. You block the meliai's attack.
The killer bee moves out of view.
You hit the meliai. You burn the meliai.
The meliai is lightly wounded.
You feel very sick.
The meliai hits you with a +2 vorpal hand axe!
The meliai stings you.
You hear an angry buzzing noise. x2
The meliai hits you but does no damage. The meliai closely misses you.
The meliai completely misses you. The meliai barely misses you.
You completely miss the meliai. Your headbutt misses the meliai.
The meliai is lightly wounded.
You feel very sick. The meliai closely misses you.
The meliai completely misses you. The meliai hits you but does no damage.
The meliai stings you but does no damage.
The meliai hits you with a +2 vorpal hand axe!
The meliai stings you!
* * * LOW HITPOINT WARNING * * *
You hear an angry buzzing noise.
You miss the meliai. Your headbutt misses the meliai.
The meliai is lightly wounded.
You feel very sick.
The meliai hits you with a +2 vorpal hand axe!
* * * LOW HITPOINT WARNING * * *
x2 The meliai closely misses you.
The meliai hits you with a +2 vorpal hand axe.
* * * LOW HITPOINT WARNING * * *
x2 The meliai stings you!
You die...

# #.##.#.#..# # #.##.#.#..#
########.##.#.#..#
....(....##.#.:..#
......##.##.##...#
.####.##....##...##########
.........#####............#
#####.#### #..#########.#
#.# #..@yy# #.# #.# #####)#
#.# #.### †!# #.# #...#


yyy# #.##### ###.# †y†y# #.....# #.# #....# #####.# #.# ####### #.# #.# #.##.#
#.# #[# #.##.# #<# You could see a queen bee and a meliai (berserk).

Vanquished Creatures
  A rakshasa (D:10)
  A hydra (D:12)
  The ghost of choreboyy the Grappler, a novice TrMo of Elyvilon (D:8)
  2 centaur warriors (D:10)
  A death knight (D:11)
  2 two-headed ogres
  Urug (D:11)
  2 ugly things (D:12)
  2 deep elf zephyrmancers (D:10)
  An orc sorcerer (D:10)
  A manticore (D:12)
  2 cyclopes
  An elephant (D:11)
  A kobold demonologist (D:10)
  A gargoyle (D:12)
  An unseen horror (D:10)
  An efreet (D:10)
  2 tengu conjurers (D:10)
  2 meliai (D:12)
  9 trolls
  A hornet (D:7)
  7 yaks
  2 vampires (D:10)
  3 wyverns
  2 basilisks
  3 wraiths
  8 vampire mosquitoes
  Menkaure (D:4)
  2 steam dragons (D:7)
  3 acid dragons
  4 orc warriors
  A hornet zombie (D:6)
  A black bear (D:11)
  A sky beast (D:7)
  An ogre (D:4)
  A necrophage (D:6)
  3 centaurs
  A phantom (D:5)
  2 elf zombies (Ossuary)
  2 kobold brigands
  4 bullfrogs
  A water moccasin zombie (D:6)
  A wyvern zombie (D:7)
  29 killer bees
  7 centaur zombies
  2 human zombies (Ossuary)
  A bullfrog zombie (D:3)
  2 jellies (D:6)
  A hound (D:6)
  2 orc priests
  A bullfrog skeleton (D:6)
  An iguana (D:6)
  A gnoll shaman (D:7)
  7 orc wizards
  A merfolk siren (Sewer)
  A merfolk avatar (Sewer)
  A hound skeleton (D:4)
  3 mummies (Ossuary)
  2 howler monkey zombies
  9 gnolls
  6 adders
  A river rat (Sewer)
  A shadow imp (D:8)
  2 ufetubi (D:5)
  6 adder zombies (Ossuary)
  4 worms (D:4)
  2 dart slugs (D:1)
  46 orcs
  8 bats
  6 endoplasms
  4 giant cockroaches
  A gnoll zombie (Ossuary)
  9 hobgoblins
  5 jackals
  8 quokkas
  13 ball pythons
  6 frilled lizards
  6 goblins
  4 goblin zombies (Ossuary)
  3 hobgoblin zombies (Ossuary)
  3 jackal zombies (Ossuary)
  10 kobolds
  4 kobold zombies (Ossuary)
  An orc zombie (Ossuary)
  5 quokka zombies (Ossuary)
  28 rats
  3 rat zombies (Ossuary)
356 creatures vanquished.

Vanquished Creatures (others)
  A kobold (D:3)
  A plant (D:10)
2 creatures vanquished.

Grand Total: 358 creatures vanquished

Notes
Turn   | Place    | Note
-------+----------+-------------------------------------------
     0 | D:1      | boopmooplesden the Minotaur Berserker began the quest for
                  | the Orb.
     0 | D:1      | Reached XP level 1. HP: 19/19 MP: 0/0
   119 | D:1      | Reached XP level 2. HP: 27/27 MP: 1/1
  1028 | D:1      | Gained mutation: You expend magic power (3 MP) to
                  | strengthen your wands. [potion of mutation]
  1243 | D:2      | Reached XP level 3. HP: 18/33 MP: 2/2
  1497 | D:2      | Found Riah's Antique Armour Boutique.
  1938 | D:2      | Reached skill level 5 in Axes
  1974 | D:2      | Reached ** piety under Trog
  2127 | D:2      | Reached XP level 4. HP: 39/40 MP: 3/3
  2147 | D:2      | Found a faded altar of an unknown god.
  2191 | D:2      | You fall into a shaft and drop 1 floor!
  2559 | D:3      | Identified the +12 scimitar of Classification {vorpal,
                  | Int+2}
  2563 | D:3      | Found Bikkokiru's Jewellery Emporium.
  2970 | D:3      | Reached XP level 5. HP: 45/47 MP: 4/4
  3199 | D:4      | Noticed Menkaure
  3203 | D:4      | Killed Menkaure
  3204 | D:4      | Reached skill level 1 in Long Blades
  3224 | D:4      | Noticed an ogre
  3229 | D:4      | Killed an ogre
  3230 | D:4      | Reached skill level 5 in Fighting
  3230 | D:4      | Reached XP level 6. HP: 56/56 MP: 5/5
  3263 | D:4      | Reached *** piety under Trog
  3448 | D:4      | Found a glowing drain.
  3476 | Sewer    | Entered a sewer
  3858 | Sewer    | Reached **** piety under Trog
  3872 | Sewer    | Reached XP level 7. HP: 61/61 MP: 6/6
  4030 | D:4      | Identified the +8 dagger "Taus" {drain, Dex+4}
  4194 | D:5      | Entered Level 5 of the Dungeon
  4776 | D:6      | Reached skill level 5 in Long Blades
  5067 | D:6      | Reached skill level 5 in Armour
  5067 | D:6      | Reached XP level 8. HP: 55/70 MP: 7/7
  5687 | D:7      | Reached skill level 1 in Stealth
  5945 | D:7      | Found a staircase to the Ecumenical Temple.
  6017 | D:7      | Found Monutuwkies's Assorted Antiques.
  6028 | D:7      | Found a sand-covered staircase.
  6037 | Ossuary  | Entered an ossuary
  6072 | Ossuary  | Reached ***** piety under Trog
  6171 | Ossuary  | Reached XP level 9. HP: 72/78 MP: 8/8
  6725 | D:7      | Found an ornate altar of the Wu Jian Council.
  6726 | D:7      | Found a stormy altar of Qazlal.
  7383 | D:8      | Reached skill level 10 in Long Blades
  8054 | D:8      | Found a runed translucent gate.
  8055 | D:8      | Found a runed translucent gate.
  8057 | D:8      | Found a runed translucent gate.
  8187 | D:8      | Noticed choreboyy's ghost (novice TrMo)
  8323 | D:8      | Killed choreboyy's ghost
  9094 | D:9      | Reached XP level 10. HP: 81/86 MP: 9/9
  9158 | D:9      | Reached skill level 10 in Armour
  9920 | D:9      | Found a staircase to the Orcish Mines.
 10247 | D:10     | Entered Level 10 of the Dungeon
 10282 | D:10     | Noticed a deep elf zephyrmancer
 10282 | D:10     | Noticed an orc sorcerer
 10284 | D:10     | Noticed a deep elf zephyrmancer
 10286 | D:10     | Noticed a rust devil
 10288 | D:10     | Killed a deep elf zephyrmancer
 10290 | D:10     | Noticed a soul eater
 10292 | D:10     | Killed a deep elf zephyrmancer
 10296 | D:10     | Killed an orc sorcerer
 10892 | D:10     | Reached XP level 11. HP: 76/97 MP: 10/10
 11182 | D:10     | Reached skill level 1 in Throwing
 11209 | D:10     | Noticed a centaur warrior
 11214 | D:10     | Killed a centaur warrior
 11215 | D:10     | Noticed a centaur warrior
 11215 | D:10     | Noticed a rakshasa
 11222 | D:10     | Killed a centaur warrior
 11236 | D:10     | HP: 7/145 [centaur warrior zombie (6)]
 11717 | D:10     | Found Gagimage's Antique Armour Shoppe.
 11725 | D:10     | Bought a pair of boots for 103 gold pieces
 11802 | D:10     | Killed a rakshasa
 12058 | D:10     | Reached skill level 10 in Fighting
 12493 | D:11     | Noticed a two-headed ogre
 12503 | D:11     | Killed a two-headed ogre
 12576 | D:11     | Found a staircase to the Lair.
 12583 | D:11     | Received a gift from Trog
 12595 | D:11     | Noticed a death knight
 12600 | D:11     | Reached XP level 12. HP: 34/108 MP: 11/11
 12869 | D:11     | Killed a death knight
 13174 | D:11     | Noticed Urug
 13183 | D:11     | Killed Urug
 13348 | D:11     | You fall into a shaft and drop 1 floor!
 13383 | D:12     | Identified the +0 pair of gloves "Roewoschu" {rPois Str+4}
 13383 | D:12     | Noticed a four-headed hydra
 13394 | D:12     | Killed a two-headed hydra
 13721 | D:12     | Identified the amulet "Yxatsum" {Faith MP+9 Str+4 Int+3}
 13753 | D:12     | Noticed a two-headed ogre
 13761 | D:12     | Killed a two-headed ogre
 13886 | D:12     | Reached skill level 15 in Long Blades
 13939 | D:12     | Reached skill level 1 in Shields
 14077 | D:12     | Reached skill level 15 in Armour
 14105 | D:12     | Slain by a meliai

Illustrated notes

Levels and vault maps discovered:
D:1:      amcnicky_arrival_gap_in_the_tavern_cellar, layout_loops_corners,
          skrybe_limestone_x, minmay_tiny_reverse_x
D:2:      layout_basic, serial_shops, nicolae_square_shop,
          shapermc_ecumenical_altar_ellora, minmay_3d_cube
D:3:      layout_loops_cross, serial_shops, shop
D:4:      layout_basic, cheibrodos_sewer_entry_bend, uniq_menkaure
D:5:      layout_rooms
D:6:      layout_gridville
D:7:      layout_basic, minitemple, minmay_temple_entry_glass, serial_shops,
          nicolae_take_the_stairs, nicolae_ossuary_entry_monument
D:8:      layout_gridville, ebering_ghost_rock_garden
D:9:      layout_layer_cave, orc_0_dummy
D:10:     minmay_the_grid_net [minmay_the_grid_minigrid_small_alt,
          minmay_the_grid_aliased_spiral, minmay_the_grid_zigzag_pyramid,
          minmay_the_grid_tri_star, minmay_the_grid_embedded,
          minmay_the_grid_prize_inner_circle], layout_grid_maze, serial_shops,
          nicolae_shop_overgrown_old_shop
D:11:     layout_basic, david_lair_generic, uniq_urug
D:12:     layout_loops_ring, special_room [special_room_bee]

Skill      XL: |  1  2  3  4  5  6  7  8  9 10 11 12 |
---------------+-------------------------------------+-----
Fighting       | 4 5 6 7 9 10 11 | 11.8
Axes           | 4 5 6 |  6.6
Armour         | 3 4 5 7 9 11 13 15 | 15.1
Long Blades    | 1 3 5 8 11 12 14 15 | 15.0
Dodging        | 3 4 |  4.2
Stealth        | 1 |  1.6
Throwing       | 1 |  1.3
Shields        | 1 |  1.6

Action                   |  1- 3 |  4- 6 |  7- 9 | 10-12 || total
-------------------------+-------+-------+-------+-------++-------
Melee: Hand axe          |    88 |    43 |       |       ||   131
       Headbutt          |     9 |    13 |    34 |    57 ||   113
       Punch             |     3 |     1 |     3 |     2 ||     9
       Scimitar          |       |   115 |   230 |   330 ||   675
Throw: Boomerang         |       |     3 |       |     7 ||    10
Invok: Berserk           |     1 |     3 |     4 |    11 ||    19
  Use: Scroll            |     4 |     1 |     7 |     9 ||    21
       Potion            |     1 |       |       |     2 ||     3
 Stab: Sleeping          |     1 |       |       |       ||     1
Armor: Animal skin       |    10 |       |       |       ||    10
       Chain mail        |    22 |    92 |    14 |       ||   128
       Plate armour      |       |       |   143 |   249 ||   392
Dodge: Dodged            |    49 |    71 |   105 |   150 ||   375
Block: Other             |       |       |       |    20 ||    20
       Reflection        |       |       |       |     1 ||     1
